Map: Blackburn LE

Players

AqueroN

  • Race: Terran Terran

DnS - Winner!

  • Race: Protoss Protoss

Event: DreamHack SC2 Masters 2021 Winter

VOD

Have the link to the VOD?

Description

Time

  • Played on: Oct. 6, 2021, 2:10 p.m.
  • Length: 15:45

All games in this series

Show
View Real Time Build Order
Export as new Build Order

AqueroN Terran 

Build Orders:  

Get SALT Encoding   

  12  0:00  SCV  
  13  0:12  SCV  
  14  0:17  Supply Depot  
  14  0:24  SCV  
  15  0:38  SCV  
  15  0:41  Barracks  
  16  0:45  Refinery  
  16  0:50  SCV  
  17  1:03  SCV  
  18  1:15  SCV  
  19  1:29  Orbital Command  
  19  1:32  Barracks Reactor  
  19  1:44  Command Center  
  19  1:55  Supply Depot  
  19  1:56  SCV  
  20  2:08  Reaper x2, SCV  
  23  2:20  SCV  
  24  2:27  Supply Depot  
  24  2:32  SCV  
  25  2:40  Marine x2  
  27  2:44  SCV  
  27  2:46  Barracks  
  27  2:47  Barracks  
  28  2:56  SCV  
  28  2:57  Marine  
  28  2:58  Orbital Command, Marine  
  31  3:08  SCV  
  32  3:15  Marine x2  
  34  3:20  SCV  
  34  3:21  Bunker  
  34  3:24  SCV  
  36  3:31  Refinery  
  36  3:33  SCV, Marine x2  
  39  3:35  Barracks Tech Lab  
  39  3:36  SCV  
  39  3:39  Barracks Tech Lab  
  40  3:45  SCV  
  40  3:46  Supply Depot  
  41  3:49  SCV  
  41  3:51  Marine x2  
  44  3:55  Stimpack  
  44  3:56  Marine, Combat Shield  
  44  3:57  SCV, Marine  
  44  4:01  SCV  
  47  4:09  SCV, Marine x2  
  47  4:13  SCV  
  48  4:19  Engineering Bay  
  48  4:21  SCV, Marine x2, Supply Depot  
  51  4:25  SCV  
  51  4:27  Marine x2  
  54  4:33  SCV  
  54  4:37  SCV  
  55  4:42  Marine x2  
  55  4:45  SCV, Marine x2  
  60  4:47  Missile Turret  
  60  4:48  Terran Infantry Weapons Level 1  
  60  4:49  SCV  
  60  4:50  Missile Turret  
  60  5:00  Marine x2  
  60  5:02  SCV x2, Supply Depot  
  60  5:03  Marine x2  
  66  5:12  Factory  
  66  5:18  Marine x2  
  66  5:19  SCV x2  
  70  5:23  Marine x2  
  70  5:31  SCV x2  
  68  5:43  SCV x2  
  68  5:45  Marine x4  
  72  5:55  SCV  
  72  5:56  SCV  
  74  5:57  Command Center  
  74  6:01  Factory Reactor, Starport  
  74  6:03  Marine x3  
  77  6:06  Marine  
  77  6:10  SCV, Supply Depot  
  79  6:25  Marine x4  
  81  6:26  SCV x2  
  84  6:33  Barracks x2  
  84  6:41  SCV x2  
  84  6:42  Terran Infantry Armor Level 1  
  84  6:46  Marine x2  
  87  6:49  Marauder x2  
  87  6:50  Concussive Shells  
  87  6:53  SCV x2, Refinery  
  93  7:03  Factory Reactor  
  93  7:05  Missile Turret  
  93  7:06  Supply Depot  
  93  7:08  SCV, Ghost Academy  
  93  7:09  SCV  
  93  7:10  Refinery  
  93  7:12  Orbital Command  
  95  7:18  Marauder x2  
  99  7:23  Marine x2  
  99  7:26  Barracks Tech Lab, Barracks Reactor  
  99  7:27  SCV x2  
  103  7:39  SCV  
  103  7:41  Medivac x2  
  103  7:43  Marine x2  
  111  7:45  SCV x2  
  111  7:46  Refinery  
  114  7:51  SCV  
  114  7:54  Ghost x2  
  116  8:01  Marine  
  116  8:03  Marauder, SCV x2, Marine, Supply Depot x2  
  116  8:04  Supply Depot  
  122  8:07  Refinery  
  122  8:14  Marine x2  
  122  8:17  SCV  
  125  8:24  Widow Mine x2, Marauder  
  125  8:25  Marauder, Supply Depot  
  125  8:26  Supply Depot  
  133  8:28  Engineering Bay  
  133  8:30  Marine x2  
  133  8:31  Armory  
  133  8:32  Marauder  
  135  8:48  Marine x2, Marauder x2  
  139  8:49  SCV x2  
  133  9:10  Marauder x3  
  133  9:13  Marine x2  
  121  9:19  Medivac x2  
  121  9:20  SCV x3  
  121  9:22  Terran Infantry Weapons Level 2  
  121  9:24  Terran Infantry Armor Level 2  
  123  9:27  Marine x2  
  109  9:33  Marauder  
  109  9:34  Marine x2, Marauder x2  
  117  9:39  SCV x2  
  117  9:40  SCV  
  120  9:47  Barracks x2  
  120  9:50  Marine x2  
  122  9:54  Ghost  
  122  9:55  Ghost  
  122  9:56  Marauder  
  128  10:00  SCV x3  
  128  10:02  Enhanced Shockwaves  
  131  10:11  Marine x2  
  136  10:17  Command Center  
  132  10:28  Widow Mine x2  
  135  10:33  Marine x2  
  135  10:34  Marine x2, Marauder x3  
  135  10:35  Fusion Core, Terran Ship Weapons Level 1  
  145  10:36  Starport  
  145  10:50  Barracks Tech Lab x2  
  145  10:51  Missile Turret  
  145  10:54  Sensor Tower  
  145  10:58  Medivac x2, Supply Depot  
  145  10:59  Supply Depot  
  145  11:01  Ghost x2  
  145  11:02  Marauder, Marine x4  
  138  11:28  Liberator x2  
  138  11:32  Marauder x2  
  146  11:33  Marauder x2  
  146  11:34  Marauder  
  150  11:45  Missile Turret  
  150  11:50  Advanced Ballistics, Liberator x2  
  150  11:53  Marine x4  
  160  11:56  Supply Depot  
  160  11:58  SCV x3  
  163  12:08  Terran Infantry Weapons Level 3  
  163  12:16  Marine, Liberator  
  163  12:17  Marine x7  
  163  12:18  Marine  
  175  12:27  Planetary Fortress  
  175  12:29  Refinery x2  
  173  12:37  Marine x4  
  173  12:41  Sensor Tower  
  173  12:42  Missile Turret, Liberator  
  180  12:45  Missile Turret  
  180  12:49  Missile Turret  
  180  12:56  Liberator  
  181  12:59  Liberator  
  184  13:07  Command Center  
  184  13:09  Liberator  
  184  13:12  Command Center  
  182  13:17  Ghost  
  182  13:18  Marauder x3  
  184  13:34  Liberator  
  184  13:39  Liberator  
  189  13:51  Liberator  
  189  13:52  Liberator  
  195  14:03  Supply Depot  
  195  14:05  Supply Depot  
  195  14:07  Marauder x2  
  195  14:12  Marauder  
  195  14:13  Marauder  
  195  14:14  Marauder  
  166  14:17  Liberator  
  166  14:22  Liberator  
  126  14:34  Liberator  
  126  14:35  Liberator  
  120  14:42  Marauder x3, Marine x2  
Show
View Real Time Build Order
Export as new Build Order

DnS Protoss - Winner!

Build Orders: 1 Gate Expand, Oracle Opening 

Get SALT Encoding   

  12  0:00  Probe  
  13  0:12  Probe  
  14  0:18  Pylon  
  14  0:24  Probe (Chrono Boost)  
  15  0:36  Probe (Chrono Boost)  
  15  0:39  Gateway  
  16  0:44  Probe (Chrono Boost)  
  16  0:49  Assimilator  
  17  0:51  Probe  
  18  1:03  Probe  
  19  1:15  Probe  
  20  1:26  Cybernetics Core  
  20  1:36  Nexus  
  20  1:39  Probe  
  21  1:47  Pylon  
  21  1:51  Probe  
  22  1:58  Assimilator  
  22  2:02  Adept (Chrono Boost)  
  22  2:03  Probe  
  25  2:15  Probe  
  26  2:24  Stargate  
  26  2:27  Probe  
  22  2:30  Adept (Chrono Boost)  
  29  2:37  Warp Gate  
  29  2:41  Probe (Chrono Boost)  
  29  2:49  Probe (Chrono Boost)  
  30  2:56  Adept  
  30  2:57  Probe (Chrono Boost)  
  30  2:58  Probe (Chrono Boost)  
  34  3:03  Probe (Chrono Boost)  
  34  3:04  Probe  
  36  3:07  Oracle (Chrono Boost)  
  39  3:15  Probe  
  39  3:16  Probe  
  39  3:19  Gateway  
  41  3:27  Pylon, Probe  
  41  3:28  Probe  
  43  3:37  Oracle  
  46  3:41  Pylon  
  46  3:45  Probe x2  
  48  3:57  Probe x2  
  50  4:04  Nexus  
  50  4:09  Probe  
  51  4:10  Pylon, Probe  
  51  4:11  Oracle (Chrono Boost)  
  55  4:21  Probe  
  55  4:22  Probe  
  55  4:23  Shield Battery  
  57  4:26  Sentry  
  59  4:31  Adept  
  59  4:34  Shield Battery, Probe x2  
  61  4:47  Probe  
  61  4:49  Probe  
  61  4:50  Assimilator  
  61  4:52  Assimilator  
  63  4:57  Adept, Sentry  
  63  4:59  Probe  
  68  5:01  Probe  
  68  5:03  Pylon  
  69  5:11  Probe  
  70  5:14  Forge, Twilight Council  
  70  5:16  Probe  
  70  5:18  Pylon  
  71  5:27  Oracle  
  75  5:30  Adept, Shield Battery  
  75  5:33  Adept  
  78  5:37  Blink (Chrono Boost)  
  78  5:49  Gateway  
  78  5:50  Gateway  
  78  5:53  Protoss Ground Weapons Level 1 (Chrono Boost), Gateway  
  78  5:54  Adept x2  
  82  5:58  Probe  
  82  5:59  Probe  
  82  6:02  Probe  
  85  6:11  Probe x2, Gateway  
  87  6:14  Probe  
  88  6:19  Stalker x2  
  88  6:23  Probe  
  91  6:30  Gateway  
  91  6:31  Gateway  
  91  6:34  Shield Battery  
  91  6:36  Photon Cannon  
  91  6:41  Probe x3  
  91  6:43  Robotics Facility  
  94  6:48  Sentry  
  94  6:50  Sentry  
  94  6:53  Stalker  
  100  6:54  Pylon  
  100  6:55  Probe  
  101  7:04  Shield Battery  
  101  7:05  Pylon  
  101  7:06  Pylon  
  101  7:12  Probe x3  
  104  7:15  Pylon  
  101  7:24  Probe x3  
  101  7:25  Stalker  
  101  7:26  Stalker x3  
  101  7:28  Assimilator  
  112  7:35  Observer (Chrono Boost), Robotics Bay, Robotics Facility  
  112  7:36  Probe  
  114  7:39  Probe x2  
  114  7:41  Assimilator  
  116  7:45  Stalker x2  
  120  7:52  Stalker x2  
  124  8:03  Charge  
  124  8:08  Pylon  
  124  8:09  Pylon  
  124  8:10  Pylon  
  120  8:13  Protoss Ground Weapons Level 2 (Chrono Boost)  
  120  8:18  Stalker x2  
  120  8:19  Zealot x3  
  128  8:22  Pylon  
  128  8:27  Pylon  
  134  8:37  Disruptor x2 (Chrono Boost)  
  134  8:47  Zealot x6  
  134  8:48  Zealot x2  
  142  9:10  Nexus  
  142  9:12  Stalker x4  
  130  9:22  Colossus x2 (Chrono Boost)  
  130  9:24  Extended Thermal Lance  
  130  9:28  Zealot x3  
  148  9:32  Pylon  
  148  9:41  Templar Archives  
  148  9:42  Forge  
  148  9:47  Probe x2  
  148  9:48  Probe  
  151  9:54  Pylon  
  151  9:58  Pylon  
  151  9:59  Probe  
  152  10:01  Sentry  
  152  10:02  Probe x2  
  152  10:06  Photon Cannon  
  156  10:10  Colossus  
  156  10:11  Probe  
  159  10:14  Probe x2  
  159  10:17  Immortal  
  159  10:32  Pylon, Phoenix  
  159  10:34  Protoss Ground Weapons Level 3 (Chrono Boost)  
  161  10:37  Probe x4  
  161  10:40  Dark Shrine  
  165  10:43  Protoss Ground Armor Level 1 (Chrono Boost)  
  165  10:47  Stalker  
  165  10:49  Probe  
  167  10:57  Gateway  
  167  10:58  Gateway  
  170  11:10  Zealot x4  
  179  11:13  Zealot  
  179  11:14  Zealot x2  
  170  11:22  Disruptor x2  
  170  11:24  Stalker  
  170  11:31  Probe  
  175  11:35  Photon Cannon  
  175  11:37  Shield Battery  
  175  11:38  Assimilator  
  175  11:40  Assimilator  
  172  11:56  Disruptor x2  
  172  11:57  Shadow Stride, Observer  
  178  12:02  Nexus  
  178  12:04  Pylon  
  174  12:08  Dark Templar x6  
  174  12:13  Dark Templar, Pylon  
  188  12:22  Stalker  
  188  12:33  Dark Templar  
  188  12:34  Dark Templar  
  192  12:43  Gateway  
  192  12:44  Photon Cannon, Gateway  
  192  12:46  Gateway  
  192  12:47  Shield Battery, Gateway  
  192  12:48  Shield Battery, Gateway  
  192  12:51  Pylon  
  192  13:05  Disruptor x2  
  190  13:20  Fleet Beacon  
  190  13:22  Stalker x3  
  190  13:23  Stargate  
  185  13:42  Disruptor x2  
  191  13:48  Assimilator  
  191  13:49  Assimilator  
  191  13:53  Stargate  
  185  14:15  Dark Templar x2, Zealot x6  
  185  14:16  Zealot x5  
  186  14:26  Disruptor  
  168  14:47  Stalker x7  
  168  14:48  Stalker x5  
  179  15:14  Stalker  
  179  15:15  Stalker x3  
  179  15:21  Gateway  
  187  15:24  Gateway  
  187  15:26  Gateway  

Tags
 
Add a new tag
Caveats
  • Supply blocks, unpowered buildings, or Contaminate may cause inaccurate times.
  • Supply counts are checked every 10 seconds.